 Dungeon Crawl Stone Soup version 0.29-a0-821-g66395355a5 (webtiles) character file.

Game seed: 15231567405616795119

101 blackman the Changer (level 5, -10/37 HPs)
             Began as a Human Transmuter on July 7, 2022.
             Killed from afar by a kobold (13 damage)
             ... with a bolt of acid
             ... on level 3 of the Dungeon.
             The game lasted 00:04:37 (3012 turns).

blackman the Changer (Human Transmuter)             Turns: 3012, Time: 00:04:38

Health: -10/37     AC:  3    Str: 12    XL:     5   Next: 4%
Magic:  6/8        EV: 12    Int: 14    God:
Gold:   174        SH:  0    Dex: 13    Spells: 5/8 levels left

rFire   . . .      SeeInvis .     - Unarmed
rCold   . . .      Faith    .   (no shield)
rNeg    . . .      Spirit   .   a - +0 robe
rPois   .          Reflect  .   (no helmet)
rElec   .          Harm     .   (no cloak)
rCorr   .          Rampage  .   (no gloves)
Will    .....                   n - +0 pair of boots
Stlth   +.........              (no amulet)
HPRegen 0.12/turn               s - +4 ring of slaying
MPRegen 0.11/turn               x - +4 ring of protection

@: wereblooded (expiring), corroded
A: no striking features
a: no special abilities


You were on level 3 of the Dungeon.
You visited 1 branch of the dungeon, and saw 3 of its levels.

You collected 174 gold pieces.

Inventory:

Missiles
 v - 6 curare-tipped darts
Armour
 a - a +0 robe (worn)
 n - a +0 pair of boots (worn)
Jewellery
 d - a ring of protection from fire
 e - a +6 ring of intelligence
 m - a +6 ring of strength
 s - a +4 ring of slaying (left hand)
 x - a +4 ring of protection (right hand)
Scrolls
 c - 4 scrolls of identify {unknown}
 g - a scroll of amnesia {unknown}
 h - 5 scrolls of teleportation {unknown}
 o - a scroll of torment {unknown}
 p - a scroll of acquirement {unknown}
 q - a scroll of vulnerability {unknown}
Potions
 b - 2 potions of lignification
 f - a potion of invisibility {unknown}
 i - 2 potions of haste {unknown}
 j - a potion of attraction {unknown}
 k - a potion of curing {unknown}
 l - a potion of might {unknown}
 r - a potion of flight {unknown}
 t - 2 potions of heal wounds {unknown}
 u - a potion of brilliance {unknown}
 w - a potion of berserk rage {unknown}


   Skills:
 - Level 1.0 Fighting
 - Level 2.0 Dodging
 - Level 3.0 Unarmed Combat
 - Level 2.0 Spellcasting
 + Level 4.8 Transmutations


You had 5 spell levels left.
You knew the following spells:

 Your Spells              Type           Power      Damage    Failure   Level
a - Beastly Appendage     Tmut           28%        N/A       3%          1
b - Wereblood             Tmut           14%        N/A       4%          2

Your spell library contained the following spells:

 Spells                   Type           Power      Damage    Failure   Level
 Spider Form              Tmut/Pois      8%         N/A       26%         3
 Ice Form                 Ice/Tmut       8%         N/A       65%         4
 Summon Ice Beast         Ice/Summ       1%         N/A       93%         4
 Summon Mana Viper        Hex/Summ       1%         N/A       100%        5
 Monstrous Menagerie      Summ           0%         N/A       100%        7


Dungeon Overview and Level Annotations

Branches:
Dungeon (3/15)

Altars:
Dithmenos
Qazlal
Ru


Message History

Your transformation is almost over.
The orc throws a boomerang.
The boomerang hits you but does no damage.
You howl as the wereblood boils in your veins!
The orc hits you but does no damage.
Items here: ) [ ††.
You hit the orc. You claw the orc.
You kill the orc!
You have reached level 5!
Things that are here:
a +0 war axe; 3 boomerangs The orc shouts!
An orc comes into view. It is wielding a +0 falchion.
A worm comes into view.
Your horns disappear.
Your talons disappear.
Your +0 pair of boots unmelds from your body.
The orc barely misses you.
A kobold comes into view.
It is wielding a +0 club and carrying a wand of acid (7).
You closely miss the orc. The orc closely misses you.
You barely miss the orc.
The kobold shouts!
You hear a shout!
The orc barely misses you.
You hit the orc.
You kill the orc!
You hit the orc.
The orc is heavily wounded.
The orc hits you but does no damage.
The kobold zaps a wand.
The bolt of acid misses you.
You completely miss the orc.
The orc is heavily wounded.
The orc hits you with a +0 club.
You hit the orc.
You feel a bit better.
You kill the orc!
The kobold zaps a wand.
The bolt of acid hits you! The acid corrodes you!
Your primal bloodlust is almost over.
The kobold zaps a wand.
The bolt of acid hits you!!
Ouch! That really hurt!
* * * LOW HITPOINT WARNING * * *
The kobold zaps a wand.
The bolt of acid hits you!
You die...

#.........##
#####.##.##
#....##.#
#.#####.# #)#
#.. #)# ### #.#
#####.#
##....@##
#.......##
#......o.#
#.....)..Kw#
#.............
#....o.###.....
#.....##.##....
#...#o#._.#.#..
#...#..o....#..


You could see a worm, 3 orcs and a kobold.

Vanquished Creatures
  An orc priest (D:3)
  An adder (D:2)
  3 dart slugs
  7 orcs (D:3)
  4 ball pythons
  5 bats
  3 endoplasms
  3 giant cockroaches (D:1)
  5 hobgoblins
  2 kobolds (D:1)
  3 quokkas
  5 frilled lizards
  2 goblins
  4 rats
48 creatures vanquished.

Vanquished Creatures (others)
  A demonic plant (D:3)
1 creature vanquished.

Grand Total: 49 creatures vanquished

Notes
Turn   | Place    | Note
-------+----------+-------------------------------------------
     0 | D:1      | blackman the Human Transmuter began the quest for the Orb.
     0 | D:1      | Reached XP level 1. HP: 15/15 MP: 3/3
   394 | D:1      | Reached XP level 2. HP: 21/21 MP: 3/5
   562 | D:1      | Reached skill level 3 in Transmutations
   685 | D:1      | Reached XP level 3. HP: 25/26 MP: 4/6
  2118 | D:2      | Reached skill level 4 in Transmutations
  2118 | D:2      | Reached XP level 4. HP: 32/32 MP: 5/7
  2683 | D:3      | Found a stormy altar of Qazlal.
  2868 | D:3      | Found a sacrificial altar of Ru.
  2981 | D:3      | Found a shadowy altar of Dithmenos.
  2992 | D:3      | Learned a level 2 spell: Wereblood
  2999 | D:3      | Reached XP level 5. HP: 37/37 MP: 4/8
  3012 | D:3      | Killed from afar by a kobold

Illustrated notes

Levels and vault maps discovered:
D:1:      roderic_chinese_lattice_arrival, layout_basic
D:2:      wad_crossroads, layout_basic, grunt_ministairs_3,
          minmay_misc_feat_diagonals, glass_columns_b, serial_park_tiny_2
D:3:      layout_basic, mainiacjoe_overflow_alcove_4,
          mainiacjoe_overflow_catwalk, lemuel_coloured_pillars_altar,
          nicolae_dithmenos_through_a_glass_darkly, lemuel_tele_altar,
          dreamdust_ecumenical_altar_sealed_demon

Skill      XL: |  1  2  3 |
---------------+----------+-----
Transmutations | 3 4 |  4.8
Fighting       | |  1.0
Dodging        | |  2.0
Unarmed Combat | |  3.0
Spellcasting   | |  2.0

Action                   |  1- 3 |  4- 6 || total
-------------------------+-------+-------++-------
Melee: Unarmed           |    97 |    34 ||   131
       Kick              |    13 |     3 ||    16
       Headbutt          |     3 |     5 ||     8
       Punch             |     1 |       ||     1
 Cast: Beastly Appendage |    19 |     5 ||    24
       Wereblood         |       |     1 ||     1
 Stab: Sleeping          |     2 |       ||     2
Armor: Robe              |    18 |     8 ||    26
Dodge: Dodged            |    64 |    19 ||    83

Table legend: (Time is in decaauts)
 A = Elapsed time spent in this place.
 B = Non-inter-level travel time spent in this place.
 C = Inter-level travel time spent in this place.
 D = Time resting spent in this place.
 E = Time spent auto-exploring this place.
 F = Levels seen in this place.
 G = Mean time per level.
                   A        B        C        D        E       F      G
               +--------+--------+--------+--------+--------+-----+--------+
         Total |   3001 |   2890 |    111 |      0 |   2530 |   3 | 1000.3 |
       Dungeon |   3001 |   2890 |    111 |      0 |   2530 |   3 | 1000.3 |
               +--------+--------+--------+--------+--------+-----+--------+

Top non-repeatable levels by time:
     D:2: 1272 daAuts
     D:1: 1182 daAuts
     D:3: 546 daAuts
